 Dungeon Crawl Stone Soup version bcrawl-1.17.1 (webtiles) character file.

Game seed: 4148643240695808543

108 Anonimas the Skirmisher (level 5, -2/43 HPs)
             Began as a Human Archaeologist on Oct 18, 2019.
             Killed by divine providence
             ... invoked by an orc priest
              (11 damage)
             ... on level 3 of the Dungeon.
             The game lasted 00:05:29 (2157 turns).

Anonimas the Skirmisher (Human Archaeologist)       Turns: 2157, Time: 00:05:30

Health: -2/43      AC:  9    Str: 12    XL:     5   Next: 12%
Magic:  6/6        EV: 11    Int: 15    God:
Gold:   221        SH:  4    Dex: 11    Spells: 4/4 levels left

rFire    . . .     SeeInvis .   m - +1 dagger (elec)
rCold    . . .     Gourm    .   (no shield)
rNeg     . . .     Faith    .   s - +0 ring mail
rPois    .         Spirit   .   r - +0 helmet (curse)
rElec    .         Reflect  +   n - +0 cloak {+Inv}
rCorr    .         Harm     .   (no gloves)
MR       .....                  d - +1 pair of boots
Stlth    ++........             t - +4 amulet of reflection
HPRegen  0.14/turn              (no ring)
MPRegen  0.10/turn              (no ring)

@: studying Fighting
A: no striking features
a: Evoke Invisibility


You were on level 3 of the Dungeon.
You were not hungry.

You visited 1 branch of the dungeon, and saw 3 of its levels.

You collected 221 gold pieces.

Inventory:

Hand Weapons
 m - a +1 dagger of electrocution (weapon)
Missiles
 h - 669 stones (quivered)
Armour
 c - a +1 hat
 d - a +1 pair of boots (worn)
 n - a +0 cloak of invisibility (worn)
 r - a cursed +0 helmet (worn)
 s - a +0 ring mail (worn)
Jewellery
 t - a +4 amulet of reflection (around neck)
 u - an uncursed ring of ice
Wands
 y - a wand of enslavement (12)
Scrolls
 a - a scroll of magic mapping {unknown}
 i - a scroll of fear {unknown}
 l - a scroll of fog {unknown}
 o - 2 scrolls of blinking {unknown}
 p - a scroll of enchant armour {unknown}
 q - a scroll of identify
 x - a scroll of teleportation {unknown}
Potions
 b - a potion of mutation
 j - a potion of ambrosia {unknown}
 k - a potion of curing {unknown}
 v - a potion of lignification {unknown}
 w - a potion of haste {unknown}
 z - a potion of cancellation {unknown}
Books
 e - a manual of Fighting
Miscellaneous
 f - an ancient crate
Comestibles
 g - 7 rations {!d}


   Skills:
 * Level 4.9 Fighting
   Level 1.1 Maces & Flails
 - Level 3.3 Dodging
 - Level 4.1 Stealth
 + Level 1.8 Evocations


You had 4 spell levels left.
You didn't know any spells.
Your spell library was empty.

Dungeon Overview and Level Annotations

Branches:
Dungeon (3/12)

Altars:


Message History

An orc comes into view.
The orc shouts!
You hear a shout!
An orc comes into view.
It is wielding a +2 whip of electrocution.
You hit the orc but do no damage. Lightning courses through the orc!
You kill the orc!
The orc hits you with a +2 whip of electrocution.
You see here a +0 ring mail.
You closely miss the orc. The orc barely misses you.
You completely miss the orc. The orc hits you.
The orc hits you but does no damage.
You are electrocuted!!
You barely miss the orc. The orc hits you but does no damage.
You closely miss the orc. The orc barely misses you.
The orc hits you but does no damage.
You are electrocuted!
* * * LOW HITPOINT WARNING * * *
You are too injured to fight recklessly!
The orc barely misses you.
An orc priest comes into view.
It is wielding a +2 hand axe of electrocution.
The orc priest invokes the aid of Beogh against you.
Beogh smites you!
You die...

.....## #.............)......
#############.#.#.#.######.#####.
#........O.##.#.#.....# #)#
.......###.##.#.###.#.# #)#
#.####.# .##.#...o...# #.# ...#.#
O##.#####..## #.# ####.#.# .##.
##.## #.# ......<# .##.######..#
#.# ####.#.# .# #.@.....## #.#
#...<#.# .# #o#####..# #.#
.....#.# #.# #..###.# # ≈.≈≈≈#.#
#o# #...##.###.# ≈≈.[≈#.# #.#
#.#.##.....# ≈≈≈..#.# #.#
#.#.##..#### ≈≈≈..#.# #o#
#.......##### ≈≈≈≈.# #.###
####......... ≈≈≈≈≈# . #...#
#...######


You could see an orc priest and 2 orcs.

Vanquished Creatures
  An orc wizard (D:3)
  2 worms (D:2)
  2 dart slugs (D:1)
  2 leopard geckos
  9 orcs (D:3)
  2 ball pythons
  2 giant cockroaches
  9 goblins
  7 hobgoblins
  5 jackals
  A quokka (D:2)
  2 bats
  3 frilled lizards
  2 kobolds
  3 rats
52 creatures vanquished.

Notes
Turn   | Place    | Note
-------+----------+-------------------------------------------
     0 | D:1      | Anonimas the Human Archaeologist began the quest for the
                  | Orb.
     0 | D:1      | Reached XP level 1. HP: 15/15 MP: 1/1
   202 | D:1      | Reached XP level 2. HP: 21/21 MP: 2/2
   725 | D:1      | Reached XP level 3. HP: 27/27 MP: 3/3
  1230 | D:2      | Reached XP level 4. HP: 32/35 MP: 4/4
  1558 | D:3      | Noticed an ogre
  1714 | D:3      | Reached skill level 1 in Evocations
  1839 | D:3      | Reached XP level 5. HP: 43/43 MP: 4/6
  2157 | D:3      | Killed from afar by an orc priest

Skill      XL: |  1  2  3  4 |
---------------+-------------+-----
Stealth        | 4 |  4.1
Fighting       | 2 3 4 |  4.9
Evocations     | 1 |  1.8
Maces & Flails | |  1.1
Dodging        | |  3.3

Action                   |  1- 3 |  4- 6 || total
-------------------------+-------+-------++-------
Melee: Whip              |     5 |       ||     5
       Dagger            |    95 |    68 ||   163
  Use: Scroll            |       |     2 ||     2
 Stab: Sleeping          |     3 |       ||     3
  Eat: Chunk             |     1 |     3 ||     4
Armor: Robe              |    18 |       ||    18
       Ring mail         |    18 |    18 ||    36
Dodge: Dodged            |    48 |    31 ||    79
Block: Other             |       |    12 ||    12
